 Dungeon Crawl Stone Soup version 0.30-a0-335-ge5acde7520 (webtiles) character file.

Game seed: 3415282004626674531

43 twist the Vexing (level 3, 0/28 HPs)
             Began as a Gnoll Hexslinger on Oct 30, 2022.
             Slain by Sigmund
             ... wielding a +0 scythe
              (3 damage)
             ... on level 2 of the Dungeon.
             The game lasted 00:01:59 (1391 turns).

twist the Vexing (Gnoll Hexslinger)                 Turns: 1391, Time: 00:02:00

Health: 0/28       AC:  5    Str:  9    XL:     3   Next: 58%
Magic:  7/7        EV: 12    Int: 14    God:
Gold:   67         SH:  3    Dex: 12    Spells: 6/7 levels left

rFire   . . .      SeeInvis .    n - +0 war axe
rCold   . . .      Faith    .    m - +0 buckler
rNeg    . . .      Spirit   .    o - +0 leather armour
rPois   +          Reflect  .    (no helmet)
rElec   .          Harm     .    p - +0 cloak
rCorr   +          Rampage  .    (no gloves)
Will    .....                    l - +0 pair of boots
Stlth   +.........               i - amulet of magic regeneration
HPRegen 0.24/turn                e - ring of poison resistance
MPRegen 0.50/turn                f - ring of resist corrosion

@: mighty, flying (expiring)
A: fangs 1, strong nose, distributed training
a: no special abilities


You were on level 2 of the Dungeon.
You visited 1 branch of the dungeon, and saw 2 of its levels.

You collected 67 gold pieces.

Inventory:

Hand Weapons
 a - a +1 sling
 n - a +0 war axe (weapon)
Armour
 c - a +0 robe
 l - a +0 pair of boots (worn)
 m - a +0 buckler (worn)
 o - a +0 leather armour (worn)
 p - a +0 cloak (worn)
Jewellery
 e - a ring of poison resistance (left hand)
 f - a ring of resist corrosion (right hand)
 i - an amulet of magic regeneration (around neck)
 k - an amulet of reflection
Scrolls
 b - 3 scrolls of poison
 h - 3 scrolls of teleportation {unknown}
 q - 2 scrolls of identify {unknown}
 s - a scroll of noise {unknown}


   Skills:
 + Level 2.6 Fighting
 + Level 0.9 Short Blades
 + Level 0.9 Long Blades
 + Level 0.9 Axes
 + Level 0.9 Maces & Flails
 + Level 0.9 Polearms
 + Level 0.9 Staves
 + Level 4.5 Ranged Weapons
 + Level 0.9 Throwing
 + Level 0.9 Armour
 + Level 4.5 Dodging
 + Level 0.9 Stealth
 + Level 0.9 Shields
 + Level 0.9 Unarmed Combat
 + Level 2.8 Spellcasting
 + Level 0.6 Conjurations
 + Level 5.4 Hexes
 + Level 0.6 Summonings
 + Level 0.6 Necromancy
 + Level 0.6 Translocations
 + Level 0.6 Transmutations
 + Level 0.6 Fire Magic
 + Level 0.6 Ice Magic
 + Level 0.6 Air Magic
 + Level 0.6 Earth Magic
 + Level 0.6 Poison Magic
 + Level 1.0 Invocations
 + Level 0.9 Evocations


You had 6 spell levels left.
You knew the following spells:

 Your Spells              Type           Power      Damage    Failure   Level
a - Slow                  Hex            68%        N/A       4%          1

Your spell library contained the following spells:

 Spells                   Type           Power      Damage    Failure   Level
 Inner Flame              Hex/Fire       10%        N/A       34%         3
 Portal Projectile        Hex/Tloc       20%        N/A       34%         3
 Cause Fear               Hex            8%         N/A       41%         4


Dungeon Overview and Level Annotations

Branches:
Dungeon (2/15)

Altars:
Nemelex Xobeh

Annotations:
D:2 Sigmund


Innate Abilities, Weirdness & Mutations

You have very sharp teeth.
Your uncanny sense of smell can sniff out nearby items.
Your experience applies equally to all skills.


Message History

Sigmund closely misses you. Sigmund hits you with a +0 scythe.
* * * LOW HITPOINT WARNING * * *
You bump into the rock wall.
Sigmund hits you with a +0 scythe.
* * * LOW HITPOINT WARNING * * *
You closely miss Sigmund. Your bite misses Sigmund.
You feel less confused.
Sigmund gestures wildly while chanting.
Sigmund flickers and vanishes!
Deactivating autopickup; reactivate with Ctrl-A.
You closely miss something.
You hear some strange, mumbled words.
You are confused.
Something hits you.
* * * LOW HITPOINT WARNING * * *
You miss something. Something hits you!
* * * LOW HITPOINT WARNING * * *
Something barely misses you.
Unknown command.
You hear some strange, mumbled words.
A magic dart appears from out of thin air!
The magic dart hits you.
* * * LOW HITPOINT WARNING * * *
You bump into the rock wall.
Something hits you but does no damage. Something hits you.
* * * LOW HITPOINT WARNING * * *
You bump into the rock wall.
You feel less confused.
You miss something.
You hear some strange, mumbled words.
A puff of flame appears from out of thin air!
The puff of flame misses you. Something hits you but does no damage.
You miss something. Your bite misses something.
Something hits you but does no damage.
You miss something. Something hits you but does no damage.
You miss something.
You are starting to lose your buoyancy.
Something hits you.
You die...

.# .. ### @# #.. .# #.#
####.##.# #.# #.#
#.......#
.##.#.###.#####.##.####
..................#.# #.#
#.##....@{...#.# ####.##
#.##.##..#...#.### ......#
#.##.##..#.......#
##.#..###.##.##..#.#+#+#.#
.# .......##.##.##..#.. ..
##...........##..#.. .#
.#.#......#####......
...#.#.#### ##.#...
##...#.# #.#....


There were no monsters in sight!

Vanquished Creatures
  An adder (D:2)
  A worm (D:2)
  A dart slug (D:2)
  A bat (D:1)
  2 endoplasms
  3 giant cockroaches
  4 hobgoblins
  3 jackals (D:1)
  3 kobolds
  A quokka (D:2)
  2 frilled lizards (D:1)
  2 goblins
  2 rats
26 creatures vanquished.

Notes
Turn   | Place    | Note
-------+----------+-------------------------------------------
     0 | D:1      | twist the Gnoll Hexslinger began the quest for the Orb.
     0 | D:1      | Reached XP level 1. HP: 17/17 MP: 4/4
   232 | D:1      | Reached XP level 2. HP: 23/23 MP: 5/5
   530 | D:1      | Found a faded altar of an unknown god.
  1019 | D:2      | Found a sparkling altar of Nemelex Xobeh.
  1111 | D:2      | Reached XP level 3. HP: 12/28 MP: 7/7
  1291 | D:2      | Reached skill level 1 in Invocations
  1345 | D:2      | Noticed Sigmund
  1386 | D:2      | HP: 1/28 [something (4)]
  1391 | D:2      | Slain by Sigmund

Illustrated notes

Levels and vault maps discovered:
D:1:      lemuel_arrival_broad_hall, layout_loops_corners,
          basic_ecumenical_altar, kennysheep_decorative_pillar
D:2:      layout_basic, basic_altar, uniq_jessica, uniq_sigmund

Skill      XL: |  1  2  3 |
---------------+----------+-----
Invocations    | 1 |  1.0
Fighting       | |  2.6
Short Blades   | |  0.9
Long Blades    | |  0.9
Axes           | |  0.9
Maces & Flails | |  0.9
Polearms       | |  0.9
Staves         | |  0.9
Ranged Weapons | |  4.5
Throwing       | |  0.9
Armour         | |  0.9
Dodging        | |  4.5
Stealth        | |  0.9
Shields        | |  0.9
Unarmed Combat | |  0.9
Spellcasting   | |  2.8
Conjurations   | |  0.6
Hexes          | |  5.4
Summonings     | |  0.6
Necromancy     | |  0.6
Translocations | |  0.6
Transmutations | |  0.6
Fire Magic     | |  0.6
Ice Magic      | |  0.6
Air Magic      | |  0.6
Earth Magic    | |  0.6
Poison Magic   | |  0.6
Evocations     | |  0.9

Action                   || total
-------------------------++-------
Melee: War axe           ||    11
 Fire: Sling             ||    73
  Use: Potion            ||     5
Armor: Leather armour    ||     6
Dodge: Dodged            ||    15
Block: Buckler           ||     2

Table legend: (Time is in decaauts)
 A = Elapsed time spent in this place.
 B = Non-inter-level travel time spent in this place.
 C = Inter-level travel time spent in this place.
 D = Time resting spent in this place.
 E = Time spent auto-exploring this place.
 F = Levels seen in this place.
 G = Mean time per level.
                   A        B        C        D        E       F      G
               +--------+--------+--------+--------+--------+-----+--------+
         Total |   1410 |   1180 |    230 |      0 |    925 |   2 |  705.0 |
       Dungeon |   1410 |   1180 |    230 |      0 |    925 |   2 |  705.0 |
               +--------+--------+--------+--------+--------+-----+--------+

Top non-repeatable levels by time:
     D:1: 987 daAuts
     D:2: 423 daAuts
